 Dungeon Crawl Stone Soup version 0.20.1-1-g8b1a95d (webtiles) character file.

172 Folque the Magician (level 5, 0/34 HPs)
             Began as an Octopode Wizard on Nov 12, 2017.
             Slain by a porcupine (15 damage)
             ... on level 4 of the Dungeon.
             The game lasted 00:08:35 (3270 turns).

Folque the Magician (Octopode Wizard)               Turns: 3270, Time: 00:08:35

Health: 0/34       AC:  2    Str:  7    XL:     5   Next: 53%
Magic:  1/12       EV: 13    Int: 21    God:
Gold:   89         SH:  0    Dex: 10    Spells: 5/13 levels left

rFire    . . .     SeeInvis .   q - +3 quarterstaff (chaos)
rCold    . . .     Gourm    .   (shield currently unavailable)
rNeg     . . .     Faith    .   g - +1 hat
rPois    .         Spirit   .   (no amulet)
rElec    .         Reflect  .   (no ring)
rCorr    .         Harm     .   (no ring)
MR       .....                  (no ring)
Stlth    +++.......             (no ring)
Regen    0.2/turn               (no ring)
MPRegen  0.2/turn               (no ring)
                                (no ring)
                                (no ring)

@: very slightly contaminated
A: almost no armour, stealthy swim, amphibious, 8 rings, constrict 8, camouflage
1, gelatinous body 1
a: no special abilities


You were on level 4 of the Dungeon.
You were not hungry.

You visited 1 branch of the dungeon, and saw 4 of its levels.

You collected 89 gold pieces.

Inventory:

Hand Weapons
 f - a +0 mace
 q - a +3 quarterstaff of chaos (weapon)
Armour
 a - a +0 hat
 g - a +1 hat (worn)
Jewellery
 x - an uncursed amulet of regeneration {unknown}
Wands
 v - a wand of digging (10/24)
 w - a wand of acid (3/15)
Scrolls
 i - a scroll of teleportation
 j - 2 scrolls of random uselessness
 k - 4 scrolls of identify
 n - a scroll of fog {unknown}
 r - a scroll of amnesia {unknown}
 u - a scroll of recharging {unknown}
 y - 2 scrolls of enchant armour {unknown}
 A - a scroll of blinking {unknown}
Potions
 e - 3 potions of heal wounds {unknown}
 l - a potion of haste {unknown}
 m - 2 potions of brilliance {unknown}
 o - a potion of degeneration {unknown}
 t - a potion of curing {unknown}
 z - a potion of flight {unknown}
 B - a potion of ambrosia {unknown}
Books
 b - a book of Minor Magic

   Spells                             Type                      Level
   a - Magic Dart                     Conjuration                  1
   b - Blink                          Translocation                2
   c - Call Imp                       Summoning                    2
   d - Slow                           Hexes                        2
   e - Conjure Flame                  Conjuration/Fire             3
   f - Mephitic Cloud                 Conjuration/Poison/Air       3
Comestibles
 c - 2 bread rations
 d - 4 royal jellies
 h - 3 fruits
 p - a meat ration
 s - 4 chunks of flesh


   Skills:
 - Level 2.0 Fighting
 - Level 2.0 Dodging
 - Level 2.6 Stealth
 + Level 4.8 Spellcasting
 + Level 1.3 Conjurations
 - Level 1.0 Summonings
 - Level 1.0 Translocations
 * Level 1.7 Poison Magic


You had 5 spell levels left.
You knew the following spells:

 Your Spells              Type           Power        Failure   Level  Hunger
a - Magic Dart            Conj           ##..         6%          1    None
b - Call Imp              Summ           #.......     11%         2    None
c - Blink                 Tloc           N/A          11%         2    None
d - Mephitic Cloud        Conj/Pois/Air  #.......     22%         3    ##.....


Dungeon Overview and Level Annotations

Branches:
Dungeon (4/15)
 Temple: D:4-7

Altars:
Okawaru


Innate Abilities, Weirdness & Mutations

You cannot wear most types of armour.
You are very stealthy in the water. (Stealth+)
You are amphibious.
You can wear up to eight rings at the same time.
You can use your tentacles to constrict eight enemies at once.
Your skin changes colour to match your surroundings (Stealth+).
Your rubbery body absorbs attacks. (AC +1, EV +1)


Message History

You thump the adder!
You kill the adder!
Casting: Mephitic Cloud
Confirm with . or Enter, or press ? or * to list all spells.
You blink.
Casting: Blink
Confirm with . or Enter, or press ? or * to list all spells.
Aiming: Mephitic Cloud
Press: ? - help, Shift-Dir - straight line, f - centaur
Aim: a centaur, wielding a dagger (translocational energy)
The ball explodes into a vile cloud!
The stinking cloud engulfs the centaur.
The centaur is engulfed in noxious fumes.
The centaur appears confused.
The centaur is engulfed in noxious fumes.
The centaur appears confused.
You hit the centaur.
The centaur evaporates and reforms as a porcupine!
The porcupine bites you!
You hit the porcupine but do no damage. The porcupine bites you!
You die...

...### ....# ....#
# ....# .#
#...#..## +........
#########........
#.#@r§§......#....
#.#.###............
#.#.o.........#....
#.#.#o........# ...
#.#.#....###+## .
#.#.....c#
##.#......#######.
#)<........[oo....
#############.....


You could see a porcupine and 2 orcs.

Vanquished Creatures
  An orc wizard (D:4)
  5 adders
  A worm (D:3)
  7 orcs (D:3)
  5 giant cockroaches
  2 hobgoblins
  6 jackals
  5 kobolds
  A quokka (D:2)
  4 bats
  3 frilled lizards
  2 goblins
  5 rats
  2 fungi (D:2)
49 creatures vanquished.

Vanquished Creatures (collateral kills)
  Crazy Yiuf (D:2)
  4 adders
  2 worms (D:2)
  An orc (D:3)
  A quokka (D:3)
  A frilled lizard (D:2)
  A rat (D:3)
11 creatures vanquished.

Grand Total: 60 creatures vanquished

Notes
Turn   | Place    | Note
-------+----------+-------------------------------------------
     0 | D:1      | Folque the Octopode Wizard began the quest for the Orb.
     0 | D:1      | Reached XP level 1. HP: 11/11 MP: 4/4
   404 | D:1      | Reached skill level 1 in Fighting
   791 | D:1      | Reached XP level 2. HP: 16/18 MP: 6/6
   795 | D:1      | Learned a level 2 spell: Call Imp
   798 | D:1      | Learned a level 2 spell: Blink
  1374 | D:2      | Reached XP level 3. HP: 20/24 MP: 0/7
  1382 | D:2      | Learned a level 3 spell: Mephitic Cloud
  2280 | D:2      | Found a runed door.
  2284 | D:2      | Noticed Crazy Yiuf
  2294 | D:2      | Killed Crazy Yiuf
  2294 | D:2      | Reached skill level 4 in Spellcasting
  2294 | D:2      | Reached XP level 4. HP: 29/29 MP: 5/10
  2768 | D:3      | Found an iron altar of Okawaru.
  2871 | D:3      | Reached XP level 5. HP: 23/34 MP: 1/12
  3258 | D:4      | Reached skill level 1 in Poison Magic
  3261 | D:4      | Noticed a centaur
  3261 | D:4      | an orc wizard changed into a centaur
  3269 | D:4      | Noticed a porcupine
  3269 | D:4      | a centaur changed into a porcupine
  3270 | D:4      | Slain by a porcupine

Skill      XL: |  1  2  3  4  5 |
---------------+----------------+-----
Fighting       | 1 2 |  2.0
Spellcasting   | 4 |  4.8
Poison Magic   | 1 |  1.7
Dodging        | |  2.0
Stealth        | |  2.6
Conjurations   | |  1.3
Summonings     | |  1.0
Translocations | |  1.0

Action                   |  1- 3 |  4- 6 || total
-------------------------+-------+-------++-------
Melee: Mace              |    66 |       ||    66
       Unarmed           |    13 |       ||    13
       Constrict         |    20 |    10 ||    30
       Tentacles         |    12 |     3 ||    15
       Quarterstaff      |       |    59 ||    59
 Cast: Magic Dart        |     7 |     4 ||    11
       Call Imp          |    12 |    14 ||    26
       Mephitic Cloud    |     1 |     2 ||     3
       Blink             |       |     8 ||     8
  Use: Scroll            |     3 |     1 ||     4
 Stab: Sleeping          |     5 |     5 ||    10
  Eat: Chunk             |     4 |     4 ||     8
Armor: Skin              |     5 |     8 ||    13
Dodge: Dodged            |    36 |    40 ||    76
